 Dungeon Crawl Stone Soup version 0.26-a0-491-g70697cc071 (webtiles) character file.

Game seed: 9619266225464254280

56 BeastOfSaturn the Slasher (level 3, 0/28 HPs)
             Began as a Demonspawn Warper on Aug 5, 2020.
             Slain by a frilled lizard (2 damage)
             ... on level 3 of the Dungeon.
             The game lasted 00:02:11 (1686 turns).

BeastOfSaturn the Slasher (Demonspawn Warper)       Turns: 1686, Time: 00:02:12

Health: 0/28       AC:  5    Str: 12    XL:     3   Next: 71%
Magic:  6/6        EV: 12    Int: 14    God:
Gold:   68         SH:  0    Dex: 12    Spells: 6/6 levels left

rFire    . . .     SeeInvis .   a - +0 falchion
rCold    . . .     Faith    .   (no shield)
rNeg     . . .     Spirit   .   b - +0 leather armour
rPois    .         Reflect  .   k - +2 hat
rElec    .         Harm     .   (no cloak)
rCorr    .                      (no gloves)
MR       .....                  (no boots)
Stlth    +.........             (no amulet)
HPRegen  0.09/turn              (no ring)
MPRegen  0.10/turn              (no ring)

@: lethally poisoned (0 -> -3)
A: claws 1
a: no special abilities


You were on level 3 of the Dungeon.
You visited 1 branch of the dungeon, and saw 3 of its levels.

You collected 68 gold pieces.

Inventory:

Hand Weapons
 a - a +0 falchion (weapon)
Missiles
 e - 5 boomerangs of dispersal (quivered)
Armour
 b - a +0 leather armour (worn)
 k - a +2 hat (worn)
Scrolls
 d - 2 scrolls of blinking
 f - a scroll of remove curse
 j - a scroll of teleportation
Potions
 c - a potion of might {unknown}
 h - a potion of mutation {unknown}
 i - a potion of brilliance {unknown}
 l - a potion of ambrosia {unknown}
 m - 3 potions of degeneration


   Skills:
 * Level 2.5 Fighting
 * Level 2.7 Long Blades
 - Level 0.8 Throwing
 * Level 1.4 Armour
 * Level 2.3 Dodging
 - Level 2.0 Spellcasting
   Level 2.6 Translocations


You had 6 spell levels left.
You didn't know any spells.
Your spell library contained the following spells:

 Spells                   Type           Power        Failure   Level
 Blink                    Tloc           N/A          16%         2
 Gell's Gravitas          Tloc           #.........   30%         3
 Lesser Beckoning         Tloc           #.........   30%         3
 Teleport Other           Tloc           #.......     30%         3
 Passage of Golubria      Tloc           N/A          69%         4


Dungeon Overview and Level Annotations

Branches:
Dungeon (2/15)

Altars:
Dithmenos


Innate Abilities, Weirdness & Mutations

You have sharp fingernails.


Message History

The frilled lizard completely misses you.
The rat bites you.
You hit the rat.
You kill the rat!
The frilled lizard closely misses you. x2
The orc wizard hits you but does no damage.
You miss the orc wizard. The frilled lizard bites you.
The orc wizard hits you with a +0 dagger.
You hit the orc wizard.
The orc wizard is moderately wounded.
You feel sick.
The frilled lizard bites you but does no damage.
The orc wizard casts a spell at you. The puff of flame hits you!
* * * LOW HITPOINT WARNING * * *
The orc priest begins to cast a cantrip, but forgets the words!
You hit the orc wizard but do no damage.
The orc wizard is moderately wounded.
The frilled lizard bites you.
You die...

# ... ...# # ....#
...# # # ...#.
...##. .... #....
#..###?.# #
#..#..# .####
...##..l..##.....#
..w.ooo@..........
.##.o.......##....
##..._..(## !
#.........#
.............
...##....(##..#
#.# #..#..# #...
#. ..###.. .##


You could see a worm, an orc priest, an orc wizard, 2 orcs and a frilled lizard.

Vanquished Creatures
  2 adders (D:3)
  A dart slug (D:1)
  2 leopard geckos
  An orc (D:3)
  6 bats
  3 giant cockroaches (D:1)
  7 goblins
  A hobgoblin (D:1)
  2 frilled lizards
  2 kobolds (D:1)
  4 rats
31 creatures vanquished.

Vanquished Creatures (others)
  4 toadstools (D:1)
4 creatures vanquished.

Grand Total: 35 creatures vanquished

Notes
Turn   | Place    | Note
-------+----------+-------------------------------------------
     0 | D:1      | BeastOfSaturn the Demonspawn Warper began the quest for the
                  | Orb.
     0 | D:1      | Reached XP level 1. HP: 16/16 MP: 3/3
    30 | D:1      | Reached skill level 1 in Armour
   102 | D:1      | Gained mutation: You have sharp fingernails. [demonic
                  | ancestry]
   102 | D:1      | Reached XP level 2. HP: 22/22 MP: 5/5
   626 | D:1      | Reached XP level 3. HP: 15/28 MP: 6/6
  1446 | D:2      | You fall into a shaft and drop 1 floor!
  1677 | D:3      | Found a shadowy altar of Dithmenos.
  1686 | D:3      | Slain by a frilled lizard

Illustrated notes

Levels and vault maps discovered:
D:1:      ldierk_water_garden, layout_basic, glass_columns_a
D:2:      layout_loops_ring, marbit_many_paths
D:3:      layout_basic, nicolae_dithmenos_shadow_blocks,
          cheibrodos_sewer_entry_bend, chequers_ecumenical_altar_simple_redux,
          xom_teletrap_fun

Skill      XL: |  1 |
---------------+----+-----
Armour         | 1 |  1.4
Long Blades    | 2 |  2.7
Dodging        | 2 |  2.3
Fighting       | |  2.5
Throwing       | |  0.8
Spellcasting   | |  2.0
Translocations | |  2.6

Action                   || total
-------------------------++-------
Melee: Falchion          ||    83
  Use: Scroll            ||     5
Armor: Leather armour    ||    30
Dodge: Dodged            ||    64
       Rpst.: Falchion   ||    22

Table legend: (Time is in decaauts)
 A = Elapsed time spent in this place.
 B = Non-inter-level travel time spent in this place.
 C = Inter-level travel time spent in this place.
 D = Time resting spent in this place.
 E = Time spent auto-exploring this place.
 F = Levels seen in this place.
 G = Mean time per level.
                   A        B        C        D        E       F      G
               +--------+--------+--------+--------+--------+-----+--------+
         Total |   1702 |   1629 |     73 |      0 |   1426 |   3 |  567.3 |
       Dungeon |   1702 |   1629 |     73 |      0 |   1426 |   3 |  567.3 |
               +--------+--------+--------+--------+--------+-----+--------+

Top non-repeatable levels by time:
     D:1: 1208 daAuts
     D:2: 249 daAuts
     D:3: 244 daAuts
